 Dungeon Crawl Stone Soup version 0.30-a0-949-g53dc5368d7 (webtiles) character file.

Game seed: 2843455833064937929

254 garo1102 the Ducker (level 5, -9/25 HPs)
             Began as a Felid Transmuter on Mar 27, 2023.
             Was an Initiate of Gozag.
             Mangled by Duvessa
             ... wielding a +0 short sword
              (12 damage)
             ... on level 5 of the Dungeon.
             The game lasted 00:29:29 (4926 turns).

garo1102 the Ducker (Felid Transmuter)              Turns: 4926, Time: 00:29:30

Health: -9/25      AC:  6    Str:  6    XL:     5   Next: 91%
Magic:  9/11       EV: 20    Int: 14    God:    Gozag
Gold:   513        SH:  0    Dex: 19    Spells: 0/11 levels left
                                        Lives:  0   Deaths: 2

rFire   . . .      SeeInvis +      - Unarmed
rCold   . . .      Faith    .    (shield unavailable)
rNeg    . . .      Spirit   .    (body armour unavailable)
rPois   .          Reflect  .    (helmet unavailable)
rElec   .          Rampage  .    (cloak unavailable)
rCorr   .                        (gloves unavailable)
Will    .....                    (boots unavailable)
Stlth   +++                      (no amulet)
HPRegen 0.24/turn                h - +4 ring of protection
MPRegen 0.12/turn                f - +4 ring of slaying

@: appendages, wereblooded, quick
A: horns 2, very small, claws 1, fangs 3, see invisible, speed 1, shaggy fur 2,
stealthy paws, no weapons or thrown items, no armour, multi-lived
a: End Transformation, Renounce Religion, Potion Petition, Call Merchant, Bribe
Branch


You were on level 5 of the Dungeon.
You worshipped Gozag.
Gozag was pleased with you.
You had temporarily grown beastly horns.
You visited 2 branches of the dungeon, and saw 7 of its levels.

You collected 545 gold pieces.
You paid 32 gold pieces to Gozag.

Inventory:

Jewellery
 c - a ring of wizardry
 f - a +4 ring of slaying (right paw)
 h - a +4 ring of protection (left paw)
 m - a ring of protection from fire
 u - a ring of protection from cold
 v - a ring of protection from fire
 w - an amulet of magic regeneration
Scrolls
 b - a scroll of amnesia {unknown}
 d - 2 scrolls of teleportation
 e - 5 scrolls of identify
 o - 2 scrolls of torment {unknown}
 p - 2 scrolls of fear {unknown}
 q - a scroll of noise {unknown}
Potions
 a - a potion of lignification
 g - a potion of brilliance {unknown}
 i - 3 potions of curing
 j - a potion of attraction
 k - 3 potions of mutation
 l - a potion of might
 n - 3 potions of degeneration
 r - a potion of heal wounds
 s - a potion of haste
 t - a potion of flight


   Skills:
 + Level 3.7 Fighting
 + Level 5.5 Dodging
 + Level 4.7 Stealth
 + Level 4.7 Unarmed Combat
 + Level 3.9 Spellcasting
 + Level 4.6 Transmutations


You couldn't memorise any spells.
You knew the following spells:

 Your Spells              Type           Power      Damage    Failure   Level
a - Beastly Appendage     Tmut           30%        N/A       3%          1
b - Wereblood             Tmut           15%        N/A       4%          2
c - Inner Flame           Hex/Fire       2%         N/A       52%         3
d - Lesser Beckoning      Tloc           4%         N/A       30%         2
e - Gell's Gravitas       Tloc           2%         N/A       52%         3

Your spell library contained the following spells:

 Spells                   Type           Power      Damage    Failure   Level
 Spider Form              Tmut/Pois      9%         N/A       22%         3
 Teleport Other           Tloc           2%         N/A       52%         3
 Ice Form                 Ice/Tmut       9%         N/A       58%         4
 Cause Fear               Hex            1%         N/A       89%         4
 Summon Ice Beast         Ice/Summ       2%         N/A       89%         4
 Yara's Violent Unravell  Hex/Tmut       4%         3d4       91%         5
 Summon Mana Viper        Hex/Summ       2%         N/A       99%         5
 Dispersal                Tloc           1%         N/A       100%        6
 Enfeeble                 Hex            1%         N/A       100%        7
 Monstrous Menagerie      Summ           1%         N/A       100%        7
 Discord                  Hex            1%         N/A       100%        8


Dungeon Overview and Level Annotations

Branches:
Dungeon (6/15)             Temple (1/1) D:4

Altars:
Ashenzari
Cheibriados
Dithmenos
Elyvilon
Fedhas
Gozag
Hepliaklqana
Kikubaaqudgha
Makhleb
Qazlal
Ru
Sif Muna
Trog
Uskayaw
Vehumet
Wu Jian
Xom
Yredelemnul
The Shining One

Shops:
D:3 *?   D:4 ([[=   D:6 *?

Annotations:
D:3 Sigmund
D:5 Duvessa


Innate Abilities, Weirdness & Mutations

You have temporarily grown beastly horns.
You have sharp claws.
You have razor-sharp teeth.
You have supernaturally acute eyesight. (SInv)
You cover ground quickly. (Speed+)
You are covered in thick fur. (AC +2)
Your paws help you pounce on unaware monsters.
You are incapable of wielding weapons or throwing items.
You cannot wear armour.
You gain extra lives every three experience levels.


Message History

Duvessa barely misses you. Duvessa hits you with a +0 short sword.
You barely miss Duvessa.
Duvessa is severely wounded.
Duvessa closely misses you.
You barely miss Duvessa.
Duvessa is severely wounded.
Duvessa misses you. Duvessa hits you with a +0 short sword!
Ouch! That really hurt!
You die...
Your shape twists and changes as you die.
You are now level 5!
Your horns disappear.
You rejoin the land of the living...
You hear a shout!
You hear a shout!
You barely miss Duvessa.
Duvessa is heavily wounded.
Duvessa misses you. Duvessa closely misses you.
Casting: Wereblood (safe; 4% risk of failure)
Confirm with . or Enter, or press ? or * to list all spells.
You grow a pair of large bovine horns.
Duvessa completely misses you.
Casting: Beastly Appendage (safe; 3% risk of failure)
Confirm with . or Enter, or press ? or * to list all spells.
Your blood is infused with primal strength.
Duvessa hits you with a +0 short sword! x2
You scratch Duvessa but do no damage. Your headbutt misses Duvessa.
Duvessa is heavily wounded.
Duvessa completely misses you.
You scratch Duvessa.
Duvessa is severely wounded.
Duvessa misses you. Duvessa closely misses you.
You scratch Duvessa. You headbutt Duvessa.
Duvessa is severely wounded.
Duvessa hits you with a +0 short sword.
* * * LOW HITPOINT WARNING * * *
You closely miss Duvessa. Your bite misses Duvessa.
Duvessa is severely wounded.
Duvessa hits you with a +0 short sword!
You die...
Your body crumbles into a pile of gold.

##........##..........#.#.# ###.
#........######.......#.#.######.
#........## #..(....#..........
#......[..#####......(###.#######
#............##.......# #.#
#........###.##.......# #.#
.........# #..#####e### #.#
.........# ##....#.$.# #.#
.........# ####@#...# #.#
.........# #e#...# #.# ..########
##..#.## #.# ### #.....# #.# #
#.....# #.# # #.....# #.# #.....#
#.# #####.....# #.#
########.........# #.#


You could see Duvessa (berserk).

Vanquished Creatures
  2 ogres
  A black bear (D:6)
  A centaur (D:6)
  A phantom (D:6)
  Dowan (D:6)
  A howler monkey (D:5)
  2 hounds
  A jelly (D:5)
  3 iguanas
  2 sleepcaps (D:6)
  2 orc wizards (D:5)
  10 adders
  An ufetubus (D:4)
  3 worms
  5 orcs
  7 ball pythons
  8 bats
  6 endoplasms
  4 giant cockroaches
  5 goblins
  9 hobgoblins
  14 jackals
  3 quokkas
  3 frilled lizards
  7 kobolds
  9 rats
111 creatures vanquished.

Vanquished Creatures (others)
  10 plants (D:4)
10 creatures vanquished.

Grand Total: 121 creatures vanquished

Notes
Turn   | Place    | Note
-------+----------+-------------------------------------------
     0 | D:1      | garo1102 the Felid Transmuter began the quest for the Orb.
     0 | D:1      | Reached XP level 1. HP: 9/9 MP: 4/4
   260 | D:1      | Reached XP level 2. HP: 11/12 MP: 4/6
   265 | D:1      | Reached skill level 3 in Dodging
   542 | D:1      | Reached XP level 3. HP: 15/15 MP: 7/7
  1304 | D:3      | Found Nomelos's Magic Scroll Shop.
  1315 | D:3      | Learned a level 2 spell: Wereblood
  1319 | D:3      | Learned a level 3 spell: Inner Flame
  1416 | D:3      | Reached XP level 4. HP: 19/19 MP: 8/8
  1427 | D:3      | Reached skill level 1 in Stealth
  1500 | D:3      | Found Nonuv's General Store.
  1553 | D:3      | Noticed Sigmund
  1741 | D:3      | Found a faded altar of an unknown god.
  2145 | D:4      | Noticed an ogre
  2492 | D:4      | Found a staircase to the Ecumenical Temple.
  2512 | Temple   | Entered the Ecumenical Temple
  2638 | Temple   | Became a worshipper of Gozag Ym Sagoz the Greedy
  2686 | D:4      | Reached XP level 5. HP: 21/22 MP: 8/10
  3221 | D:4      | Reached skill level 4 in Dodging
  3527 | D:4      | Found Xiosel's Antique Armour Shop.
  3528 | D:4      | Found Wurask's Weapon Shop.
  3528 | D:4      | Found Doxeblez's Jewellery Shop.
  3528 | D:4      | Found Fetumikhle's Antique Armour Shop.
  3759 | D:4      | Killed an ogre
  3760 | D:4      | Gained mutation: You are covered in thick fur. (AC +2)
                  | [Felid growth]
  3760 | D:4      | Reached XP level 6. HP: 27/27 MP: 9/11
  3808 | D:5      | Entered Level 5 of the Dungeon
  3816 | D:5      | Learned a level 2 spell: Lesser Beckoning
  3820 | D:5      | Learned a level 3 spell: Gell's Gravitas
  3968 | D:5      | Found a hazy altar of Hepliaklqana.
  4155 | D:5      | Reached XP level 7. HP: 31/31 MP: 11/13
  4415 | D:6      | Reached skill level 5 in Dodging
  4488 | D:6      | Found Yqogeile's Fire Supplies.
  4559 | D:6      | Noticed a wraith
  4565 | D:6      | Found Xuvuoros's Magic Scroll Shop.
  4741 | D:6      | Noticed Dowan
  4810 | D:6      | Noticed Duvessa
  4845 | D:6      | Killed Dowan
  4881 | D:5      | Mangled by Duvessa
  4882 | D:5      | Reached XP level 6. HP: -6/28 MP: 12/12
  4902 | D:5      | Mangled by Duvessa
  4903 | D:5      | Reached XP level 5. HP: -6/25 MP: 10/11
  4926 | D:5      | Mangled by Duvessa

Illustrated notes

Levels and vault maps discovered:
D:1:      minmay_arrival_open_corners, layout_basic,
          nicolae_figureground_sparkle
D:2:      layout_rooms
D:3:      layout_basic, serial_shops, shop, shop,
          ebering_ecumenical_altar_sacrificial, uniq_sigmund
D:4:      layout_loops_corners, minmay_temple_entry_statues_fountains,
          minmay_crystal_room, chequers_big_river, minmay_shop_grid_forest
D:5:      layout_basic, mainiacjoe_overflow_cross_hatched,
          minmay_misc_feat_roman
D:6:      wander_river, layout_cave_pools, serial_shops, nicolae_square_shop,
          corexii_checkpoint_a, nicolae_shop_fire_sale [nicolae_sub_dead_trees],
          hellmonk_no_cap, uniq_duvessa, uniq_prince_ribbit1
Temple:   dpeg_three_leaves_temple

Skill      XL: |  1  2  3  4  5  6  7 |
---------------+----------------------+-----
Dodging        | 3 4 5 |  5.5
Stealth        | 1 2 3 4 |  4.7
Fighting       | 2 3 |  3.7
Transmutations | 3 4 |  4.6
Spellcasting   | 3 |  3.9
Unarmed Combat | 4 |  4.7

Action                     |  1- 3 |  4- 6 |  7- 9 || total
---------------------------+-------+-------+-------++-------
  Melee: Unarmed           |   114 |   135 |    60 ||   309
         Headbutt          |     7 |     4 |    10 ||    21
         Bite              |     6 |    15 |     8 ||    29
         Punch             |     2 |     4 |     1 ||     7
   Cast: Beastly Appendage |     9 |     9 |     6 ||    24
         Wereblood         |       |     4 |     2 ||     6
    Use: Scroll            |       |    15 |       ||    15
   Stab: Sleeping          |     4 |     9 |     2 ||    15
 Armour: Skin              |    15 |    15 |    12 ||    42
  Dodge: Dodged            |   104 |   123 |    49 ||   276

Table legend: (Time is in decaauts)
 A = Elapsed time spent in this place.
 B = Non-inter-level travel time spent in this place.
 C = Inter-level travel time spent in this place.
 D = Time resting spent in this place.
 E = Time spent auto-exploring this place.
 F = Levels seen in this place.
 G = Mean time per level.
                   A        B        C        D        E       F      G
               +--------+--------+--------+--------+--------+-----+--------+
         Total |   4167 |   4117 |     50 |    372 |   2250 |   7 |  595.3 |
       Dungeon |   4060 |   4010 |     50 |    372 |   2204 |   6 |  676.7 |
        Temple |    106 |    106 |      0 |      0 |     46 |   1 |  106.0 |
               +--------+--------+--------+--------+--------+-----+--------+

Top non-repeatable levels by time:
     D:4: 1075 daAuts
     D:3: 901 daAuts
     D:1: 633 daAuts
     D:5: 564 daAuts
     D:2: 485 daAuts
     D:6: 400 daAuts
  Temple: 106 daAuts
